 Dungeon Crawl Stone Soup version 0.21.0-30-g47ce8e4 (webtiles) character file.

58 resurtm2 the Skirmisher (level 3, 0/30 HPs)
             Began as a Demonspawn Berserker on Jan 28, 2018.
             Was a Believer of Trog.
             Succumbed to a worker ant's poison
             ... on level 3 of the Dungeon.
             The game lasted 00:11:44 (2959 turns).

resurtm2 the Skirmisher (Demonspawn Berserker)      Turns: 2959, Time: 00:11:45

Health: 0/30       AC:  6    Str: 18    XL:     3   Next: 75%
Magic:  3/3        EV: 10    Int:  8    God:    Trog [**....]
Gold:   149        SH:  0    Dex: 12    Spells: 2/2 levels left

rFire    . . .     SeeInvis .   a - +0 mace
rCold    . . .     Gourm    .   (no shield)
rNeg     . . .     Faith    .   m - +0 scale mail
rPois    .         Spirit   .   (no helmet)
rElec    .         Reflect  .   (no cloak)
rCorr    .         Harm     .   (no gloves)
MR       .....                  (no boots)
Stlth    ..........             (no amulet)
HPRegen  0.10/turn              (no ring)
MPRegen  0.08/turn              (no ring)

@: lethally poisoned (0 -> -10), berserk cooldown, slowed, very slow
A: claws 1, powered by death 1
a: Berserk, Trog's Hand, Burn Spellbooks, Renounce Religion


You were on level 3 of the Dungeon.
You worshipped Trog.
Trog was pleased with you.
You were near starving.

You visited 1 branch of the dungeon, and saw 4 of its levels.

You collected 149 gold pieces.

Inventory:

Hand Weapons
 a - a +0 mace (weapon)
Missiles
 i - 61 stones (quivered)
Armour
 m - a +0 scale mail (worn)
 n - a +2 hat
Scrolls
 b - a scroll of blinking {unknown}
 d - 2 scrolls of remove curse {unknown}
 f - 2 scrolls of teleportation
 g - a scroll of fear {unknown}
 h - 2 scrolls of noise {unknown}
 j - 2 scrolls of identify {unknown}
 k - 2 scrolls of random uselessness {unknown}
 l - a scroll of magic mapping {unknown}
Potions
 e - a potion of haste {unknown}
Comestibles
 c - 5 rations


   Skills:
 * Level 3.6 Fighting
 * Level 3.3 Maces & Flails
 + Level 2.1 Armour
 + Level 2.1 Dodging


You had 2 spell levels left.
You didn't know any spells.

Dungeon Overview and Level Annotations

Branches:
Dungeon (4/15)
 Temple: D:4-7

Altars:
Qazlal
Trog

Annotations:
D:4 resurtm2's ghost, amateur MiFi


Innate Abilities, Weirdness & Mutations

You have sharp fingernails.
You regenerate a little health from kills.


Message History

The worker ant bites you but does no damage.
Resurtm2's ghost hits you! The quokka bites you.
* * * LOW HITPOINT WARNING * * *
Resurtm2's ghost hits you.
* * * LOW HITPOINT WARNING * * *
There is a stone staircase leading up here.
You feel a strong urge to attack something.
* * * LOW HITPOINT WARNING * * *
You feel sick. The quokka bites you.
* * * LOW HITPOINT WARNING * * *
You climb upwards.
You are no longer berserk.
You are exhausted.
You feel yourself slow down.
* * * LOW HITPOINT WARNING * * *
You feel sick.
There is a stone staircase leading down here.
* * * LOW HITPOINT WARNING * * *
You feel sick. The worker ant closely misses you.
You die...

#########.#.........#.#
####.........#.#######.#.#
.......#######.#...(.#.#.####
####.#.....# #.#.###.#.#.#..####
####.#.....###.......#.#.#.....##
..##.#...............#.#.#.......
#.##.#....####...###.#.#.##.#..##
#.##.#....# #...###.#.#....#..##
#.##.##.#.####r.@......#.####..##
..............>a#.##.##### #....
#.#####....)....#.##.#########.##
#..# ##...##.###.##.##<.......##
##.#####...##.# #.##.############
#..........##.# #.##.#
#..#####.#.##.###+##'## .....#
#.#.##.##......# ...#.#
#.#.##.........#


You could see a worker ant and a quokka.

Vanquished Creatures
  2 worms (D:2)
  A dart slug (D:2)
  2 leopard geckos (D:1)
  A ball python (D:1)
  3 giant cockroaches
  9 goblins
  4 hobgoblins
  2 jackals (D:3)
  8 kobolds
  8 bats
  4 frilled lizards
  2 rats
46 creatures vanquished.

Vanquished Creatures (others)
  A rat (D:2)
1 creature vanquished.

Grand Total: 47 creatures vanquished

Notes
Turn   | Place    | Note
-------+----------+-------------------------------------------
     0 | D:1      | resurtm2 the Demonspawn Berserker began the quest for the Orb.
     0 | D:1      | Reached XP level 1. HP: 18/18 MP: 1/1
    20 | D:1      | Gained mutation: You have sharp fingernails. [demonic ancestry]
    20 | D:1      | Reached XP level 2. HP: 21/24 MP: 2/2
  1305 | D:2      | Gained mutation: You regenerate a little health from kills. [demonic ancestry]
  1305 | D:2      | Reached XP level 3. HP: 29/29 MP: 3/3
  1310 | D:2      | Reached ** piety under Trog
  1404 | D:2      | Found a stormy altar of Qazlal.
  1837 | D:2      | Found a bloodstained altar of Trog.
  2946 | D:4      | Noticed resurtm2's ghost (amateur MiFi)
  2958 | D:3      | HP: 1/30 [poisoned by a worker ant]
  2959 | D:3      | Succumbed to a worker ant's poison

Skill      XL: |  1  2 |
---------------+-------+-----
Maces & Flails | 3 |  3.3
Dodging        | 2 |  2.1
Armour         | 2 |  2.1
Fighting       | |  3.6

Action                   || total
-------------------------++-------
Melee: Mace              ||   143
Invok: Berserk           ||    11
  Use: Scroll            ||     1
 Stab: Sleeping          ||     2
  Eat: Chunk             ||    11
       Ration            ||     1
Armor: Animal skin       ||    53
       Scale mail        ||    10
Dodge: Dodged            ||   169
